 Dungeon Crawl Stone Soup version 0.22-a0-422-g9628fc8 (webtiles) character file.

28877 Jynxie the Fighter (level 13, -1/123 HPs)
             Began as a Minotaur Berserker on May 20, 2018.
             Was an Elder of Trog.
             Slain by a yak (9 damage)
             ... on level 6 of the Lair of Beasts.
             The game lasted 00:57:12 (19689 turns).

Jynxie the Fighter (Minotaur Berserker)            Turns: 19689, Time: 00:57:12

Health: -1/123     AC: 16    Str: 26    XL:     13   Next: 12%
Magic:  15/15      EV: 16    Int:  4    God:    Trog [****..]
Gold:   1173       SH:  0    Dex: 11    Spells: 12/12 levels left

rFire    . . .     SeeInvis .   a - +1 hand axe
rCold    . . .     Gourm    .   (no shield)
rNeg     . . .     Faith    +   p - +2 ring mail {MR+}
rPois    .         Spirit   .   (helmet restricted)
rElec    .         Reflect  .   (no cloak)
rCorr    .         Harm     .   v - +2 pair of gloves
MR       ++++.                  (no boots)
Stlth    +.........             m - amulet of faith
HPRegen  1.30/turn              o - ring of protection from magic
MPRegen  0.14/turn              Z - +3 ring of protection

@: lethally poisoned (-1 -> -7), berserk cooldown, regenerating, slowed, very
slow
A: retaliatory headbutt, horns 2
a: Berserk, Trog's Hand, Brothers in Arms, Renounce Religion


You were on level 6 of the Lair of Beasts.
You worshipped Trog.
Trog was greatly pleased with you.
You were not hungry.

You visited 2 branches of the dungeon, and saw 17 of its levels.
You also visited: Bailey.

You collected 1173 gold pieces.

Inventory:

Hand Weapons
 a - a +1 hand axe (weapon)
Missiles
 T - 6 needles of sleeping (quivered)
Armour
 b - +0 acid dragon scales
 p - a +2 ring mail of magic resistance (worn)
 v - a +2 pair of gloves (worn)
 y - a +2 ring mail of fire resistance
 G - a +0 ring mail of positive energy
Jewellery
 m - an amulet of faith (around neck)
 o - a ring of protection from magic (left hand)
 q - a +5 ring of dexterity
 t - an uncursed ring of resist corrosion
 w - an uncursed ring of flight
 C - a +3 ring of intelligence
 D - an uncursed ring of poison resistance
 I - an uncursed ring of see invisible
 L - an uncursed ring of fire
 O - a +1 ring of evasion
 V - an uncursed amulet of guardian spirit {unknown}
 Z - a +3 ring of protection (right hand)
Wands
 g - a wand of polymorph (17)
 i - a wand of iceblast (9)
 E - a wand of disintegration (21)
 K - a wand of scattershot (9)
 R - a wand of acid (21)
 U - a wand of flame (26)
 X - a wand of enslavement (5)
Scrolls
 d - 8 scrolls of remove curse
 j - a scroll of magic mapping
 l - 5 scrolls of enchant weapon
 s - 4 scrolls of teleportation
 A - a scroll of fear
 B - 4 scrolls of immolation
 H - 2 scrolls of amnesia
 P - 3 scrolls of fog
 Q - a scroll of silence
 S - a scroll of vulnerability {unknown}
 Y - a scroll of acquirement {unknown}
Potions
 e - 2 potions of brilliance
 f - 6 potions of agility
 h - a potion of flight
 k - 3 potions of curing
 n - 2 potions of invisibility
 r - 3 potions of resistance
 x - a potion of magic
 z - 3 potions of might
 F - a potion of mutation
 N - a potion of cancellation
Comestibles
 c - a ration


   Skills:
 * Level 13.9 Fighting
 * Level 13.9 Axes
 * Level 13.7 Armour
 + Level 9.5 Dodging
 + Level 4.6 Evocations


You had 12 spell levels left.
You didn't know any spells.
Your spell library contained the following spells:

 Spells                   Type           Power        Failure   Level  Hunger
 Apportation              Tloc           #.....       58%         1    ##.....
 Summon Small Mammal      Summ           #...         58%         1    ##.....
 Animate Skeleton         Necr           N/A          58%         1    ##.....
 Confusing Touch          Hex            #.....       58%         1    ##.....


Dungeon Overview and Level Annotations

Branches:
Dungeon (11/15)            Temple (0/1) D:7            Lair (6/6) D:10
  Swamp (0/4) Lair:3       Spider (0/4) Lair:2        Slime (0/5) Lair:5
    Orc (0/2) D:9

Altars:
Ashenzari
Dithmenos
Elyvilon
Gozag
Okawaru
Xom
Yredelemnul
The Shining One
Jiyva

Shops:
D:9 *


Innate Abilities, Weirdness & Mutations

You reflexively headbutt those who attack you in melee.
You have a pair of horns on your head.


Message History

The 12-headed hydra misses you. The 12-headed hydra closely misses you.
The 12-headed hydra bites you.
* * * LOW HITPOINT WARNING * * *
The 12-headed hydra barely misses you. The 12-headed hydra closely misses you.
The water moccasin bites you.
* * * LOW HITPOINT WARNING * * *
You are more poisoned.
The water moccasin poisons you!
You climb downwards.
You feel your anger nearly subside.
You are no longer berserk.
You are exhausted.
You feel yourself slow down.
* * * LOW HITPOINT WARNING * * *
You feel very sick. The yak gores you but does no damage.
The yak barely misses you.
There is a stone staircase leading up, spattered with blood here.
* * * LOW HITPOINT WARNING * * *
You feel very sick. The yak misses you. The yak gores you!
You die...

,,,,,,,,,,,,,,,*,,,,,,,,,,,,,,,,,
,,,,*,,,,,,,,,,,+,,,,,,,,,,,,,,,,
,,**.....#....#*,,,,,,,.,,,,,,,,,
,,*##.....#.Y.,*,,,,,,..,,,,,,,,,
,,*#P....##YY#***,,,,...,<,,,,,,,
*###.......P.######,....,,,,,,,,,
.#..........Y##.8.#.....,,,,,,,,,
...........Y.#.YYY......,,,,,,,,,
.............#8Y@D8.....,,,,,,,,,
........D[..YtSYDS......,,,,,,,,,
..#..........##.YY##..#.,,,,,*,,,
..##.#.#########.#....#***,*,*,,,
..#.##.....#**,....##.,,,,,*,,,,,
......####..#,*...#.*,,,***,*,,,,
........S.....*...#...,,,,,,+,,,,
....#...8...+,#.8.#...,,8,,,*,,,,
.....(......#,,,,,*,,,,,,,,,+,,,,


You could see a 12-headed hydra, a nine-headed hydra, 8 yaks, 2 water moccasins
and a crocodile.

Vanquished Creatures
  Gastronok (D:8)
  Snorg (Lair:5)
  3 hydras
  4 death yaks (Lair:4)
  Sonja (Lair:4)
  10 deep elf magi (Bailey)
  A deep elf archer (Bailey)
  Pikel (D:4)
  An ugly thing (D:10)
  2 black mambas
  4 komodo dragons
  2 spiny frogs
  2 rime drakes
  A troll (D:10)
  A tyrant leech (Lair:3)
  A hornet (D:9)
  4 hippogriffs
  A meliai zombie (D:10)
  Sigmund (D:3)
  24 yaks
  3 wyverns
  A steam dragon (Lair:5)
  2 hungry ghosts
  Menkaure (D:4)
  4 wargs (D:9)
  Edmund (D:5)
  2 acid dragons (Lair:4)
  7 water moccasins
  A swamp drake (Lair:4)
  7 porcupines
  4 orc warriors
  3 phantoms
  An ice beast (D:8)
  4 wolves (Lair:2)
  An eye of draining (D:7)
  5 ogres
  10 crocodiles
  2 big kobolds
  11 bullfrogs
  2 scorpions
  4 killer bees (D:10)
  3 crimson imps
  A bullfrog zombie (D:7)
  4 hounds
  A bullfrog skeleton (D:7)
  2 centaur skeletons
  5 orc priests
  21 orc wizards
  Ijyb (D:3)
  3 iguanas
  12 worker ants
  Terence (D:3)
  2 hound zombies
  2 hound skeletons
  3 gnolls (D:5)
  8 adders
  An adder zombie (D:7)
  A worm (D:2)
  2 dart slugs (D:1)
  4 leopard geckos
  39 orcs
  4 giant cockroaches
  14 goblins
  8 hobgoblins
  3 jackals (D:8)
  18 kobolds
  3 quokkas
  A ball python (D:1)
  11 bats
  3 frilled lizards
  A leopard gecko skeleton (D:7)
  9 rats
  A fungus (Lair:4)
334 creatures vanquished.

Vanquished Creatures (collateral kills)
  A spiny frog (Lair:1)
  A bullfrog (Lair:5)
  3 orcs (D:10)
  A kobold (D:9)
6 creatures vanquished.

Vanquished Creatures (others)
  2 slaves (D:4)
  An ogre (D:4)
3 creatures vanquished.

Grand Total: 343 creatures vanquished

Notes
Turn   | Place    | Note
-------+----------+-------------------------------------------
     0 | D:1      | Jynxie the Minotaur Berserker began the quest for the Orb.
     0 | D:1      | Reached XP level 1. HP: 19/19 MP: 0/0
    97 | D:1      | Reached XP level 2. HP: 17/27 MP: 1/1
   769 | D:1      | Reached XP level 3. HP: 23/33 MP: 2/2
   994 | D:1      | Reached ** piety under Trog
  2057 | D:2      | Reached XP level 4. HP: 40/40 MP: 3/3
  2271 | D:3      | Found a shimmering altar of Xom.
  2271 | D:3      | Found a shimmering altar of Xom.
  2271 | D:3      | Found a shimmering altar of Xom.
  2272 | D:3      | Found a shimmering altar of Xom.
  2273 | D:3      | Found a shimmering altar of Xom.
  2273 | D:3      | Found a shimmering altar of Xom.
  2279 | D:3      | Noticed Ijyb
  2309 | D:3      | Killed Ijyb
  2320 | D:3      | Found a faded altar of an unknown god.
  2449 | D:3      | Noticed Terence
  2458 | D:3      | Killed Terence
  2603 | D:3      | Reached *** piety under Trog
  2603 | D:3      | Reached XP level 5. HP: 47/47 MP: 4/4
  2673 | D:3      | Noticed Sigmund
  2678 | D:3      | Killed Sigmund
  2678 | D:3      | Reached skill level 5 in Fighting
  2678 | D:3      | Reached skill level 5 in Axes
  2678 | D:3      | Reached XP level 6. HP: 56/56 MP: 5/5
  2999 | D:4      | Found a shadowy altar of Dithmenos.
  3251 | D:4      | Reached skill level 5 in Armour
  3649 | D:4      | Reached XP level 7. HP: 58/62 MP: 6/6
  3731 | D:4      | Noticed Pikel
  3744 | D:4      | Killed Pikel
  4097 | D:4      | Killed a freed slave
  4119 | D:4      | Reached XP level 8. HP: 63/71 MP: 7/7
  4483 | D:4      | Noticed Menkaure
  4493 | D:4      | Killed Menkaure
  4808 | D:5      | Entered Level 5 of the Dungeon
  4808 | D:5      | Noticed Edmund
  4815 | D:5      | Killed Edmund
  4848 | D:5      | Reached skill level 5 in Dodging
  5158 | D:5      | Found an opulent altar of Gozag.
  5632 | D:6      | Reached **** piety under Trog
  5840 | D:6      | Reached XP level 9. HP: 49/82 MP: 8/8
  7334 | D:7      | Found a staircase to the Ecumenical Temple.
  7760 | D:8      | Found a white marble altar of Elyvilon.
  7809 | D:8      | Noticed Gastronok
  7822 | D:8      | Killed Gastronok
  7822 | D:8      | Reached skill level 10 in Fighting
  7822 | D:8      | Reached skill level 10 in Axes
  7822 | D:8      | Reached XP level 10. HP: 93/93 MP: 9/9
  7922 | D:8      | Reached ***** piety under Trog
  8320 | D:8      | Reached skill level 10 in Armour
  8573 | D:9      | Found a staircase to the Orcish Mines.
  8845 | D:9      | Found Eblahex's Assorted Antiques.
  8915 | D:9      | Found a glowing golden altar of the Shining One.
  9005 | D:9      | Received a gift from Trog
  9180 | D:9      | Found a basalt altar of Yredelemnul.
  9180 | D:9      | Found a shadowy altar of Dithmenos.
  9182 | D:9      | Found an iron altar of Okawaru.
  9354 | D:10     | Entered Level 10 of the Dungeon
  9434 | D:10     | Reached XP level 11. HP: 50/102 MP: 10/10
  9883 | D:10     | Found a flagged portal.
  9890 | Bailey   | Entered a bailey
  9902 | Bailey   | Noticed a deep elf mage
  9932 | Bailey   | Killed a deep elf mage
 10226 | Bailey   | Noticed a deep elf mage
 10226 | Bailey   | Noticed a deep elf mage
 10227 | Bailey   | Noticed a deep elf mage
 10231 | Bailey   | Killed a deep elf mage
 10231 | Bailey   | Noticed a deep elf mage
 10239 | Bailey   | Killed a deep elf mage
 10245 | Bailey   | Killed a deep elf mage
 10245 | Bailey   | Reached skill level 1 in Evocations
 10253 | Bailey   | Killed a deep elf mage
 10300 | Bailey   | Noticed a deep elf mage
 10317 | Bailey   | Killed a deep elf mage
 10502 | Bailey   | Noticed a deep elf archer
 10528 | Bailey   | Killed a deep elf archer
 10900 | Bailey   | Noticed a deep elf mage
 10911 | Bailey   | Killed a deep elf mage
 11116 | Bailey   | Noticed a deep elf mage
 11116 | Bailey   | Noticed a deep elf mage
 11116 | Bailey   | Noticed a deep elf mage
 11122 | Bailey   | Killed a deep elf mage
 11165 | Bailey   | Killed a deep elf mage
 11168 | Bailey   | Killed a deep elf mage
 11572 | D:10     | Found a staircase to the Lair.
 11626 | D:11     | Found a shattered altar of Ashenzari.
 11629 | D:11     | Noticed a brown ugly thing
 11645 | D:10     | Killed a brown ugly thing
 11882 | Lair:1   | Entered Level 1 of the Lair of Beasts
 13888 | Lair:2   | Found a hole to the Spider Nest.
 14094 | Lair:2   | Reached XP level 12. HP: 97/113 MP: 13/13
 15890 | Lair:3   | Found a staircase to the Swamp.
 16258 | Lair:3   | Noticed a five-headed hydra
 16267 | Lair:3   | Killed a five-headed hydra
 16553 | Lair:3   | Noticed a seven-headed hydra
 16559 | Lair:3   | Killed a seven-headed hydra
 16924 | Lair:4   | Noticed Sonja
 16930 | Lair:4   | Killed Sonja
 17084 | Lair:4   | Noticed a death yak
 17084 | Lair:4   | Noticed a death yak
 17084 | Lair:4   | Noticed a death yak
 17085 | Lair:4   | Noticed a death yak
 17104 | Lair:4   | Killed a death yak
 17113 | Lair:4   | Killed a death yak
 17119 | Lair:4   | Killed a death yak
 17127 | Lair:4   | Killed a death yak
 18640 | Lair:5   | Received a gift from Trog
 18945 | Lair:5   | Noticed Snorg
 18954 | Lair:5   | Killed Snorg
 18954 | Lair:5   | Reached XP level 13. HP: 123/123 MP: 15/15
 19063 | Lair:5   | Found a viscous altar of Jiyva.
 19064 | Lair:5   | Found a staircase to the Slime Pits.
 19313 | Lair:5   | You fall through a shaft!
 19313 | Lair:6   | Entered Level 6 of the Lair of Beasts
 19689 | Lair:6   | Slain by a yak

Vault maps used:
D:1:      shiori_angband_town
D:2:      minmay_tetromino_i2
D:3:      chequers_ecumenical_altar_island, xom_redecorated, uniq_terence,
          uniq_sigmund, uniq_ijyb
D:4:      first_ration, nicolae_dithmenos_shadow_blocks, uniq_pikel,
          uniq_menkaure
D:5:      nicolae_gozag_cash_rules_everything_around_me, uniq_edmund
D:6:      grunt_ministairs_3
D:7:      temple_hall
D:8:      kennysheep_mini_moat, uniq_gastronok
D:9:      kennysheep_little_box, nicolae_overflow_hidden_temple,
          minmay_orc_entry_guard_dogs, serial_shops, shop
D:10:     lair_entry_dummy, enter_bailey_2
D:11:     hangedman_feature_mirror
Lair:2:   spider_nest_entry_a
Lair:3:   minmay_swamp_entry_worms
Lair:4:   uniq_sonja
Lair:5:   slime_altar_1, guppyfry_lair_drakes, uniq_snorg
Lair:6:   evilmike_catoblepas_cave, lemuel_oklob_altar, grunt_megastairs_1
Bailey:   bailey_polearm_3, bailey

Skill      XL: |  1  2  3  4  5  6  7  8  9 10 11 12 |
---------------+-------------------------------------+-----
Axes           | 4 5 6 8 10 11 12 13 | 13.9
Armour         | 3 4 5 6 7 9 10 12 13 | 13.7
Fighting       | 4 5 6 8 10 11 12 13 | 13.9
Dodging        | 3 4 5 6 7 8 9 |  9.5
Evocations     | 2 4 |  4.6

Action                   |  1- 3 |  4- 6 |  7- 9 | 10-12 | 13-15 || total
-------------------------+-------+-------+-------+-------+-------++-------
Melee: Hand axe          |    86 |    68 |   289 |   724 |    14 ||  1181
       Headbutt          |    10 |    18 |    61 |   169 |     7 ||   265
       Unarmed           |       |    19 |       |       |       ||    19
Invok: Berserk           |       |     1 |     8 |    16 |     1 ||    26
       Trog's Hand       |       |     1 |     5 |     5 |     1 ||    12
       Brothers in Arms  |       |       |       |     6 |       ||     6
Evoke: Wand              |       |       |       |    10 |    12 ||    22
  Use: Scroll            |     2 |     1 |    11 |    15 |     1 ||    30
       Potion            |     2 |       |     3 |     5 |     1 ||    11
  Eat: Chunk             |     2 |     6 |    12 |    13 |     1 ||    34
       Ration            |       |       |     4 |    13 |     1 ||    18
Armor: Animal skin       |     6 |       |       |       |       ||     6
       Leather armour    |     7 |       |       |       |       ||     7
       Chain mail        |     1 |     6 |       |       |       ||     7
       Ring mail         |       |    24 |    87 |   167 |    40 ||   318
       Skin              |       |     3 |       |    18 |       ||    21
Dodge: Dodged            |    54 |    44 |   137 |   374 |    78 ||   687

Table legend:
 A = Spawn XP
 B = Non-spawn XP
 C = Spawn XP percentage of total XP
 D = Spawn monster count
 E = Non-spawn monster count
 F = Spawn count percentage of total count
 G = Total turns spent on level
                    A         B        C        D         E        F      G
               +---------+---------+-------+---------+---------+-------+---------
         Total |       0 |   41253 |   0.0 |       0 |     339 |   0.0 | 19689
               +---------+---------+-------+---------+---------+-------+---------
           D:1 |       0 |      55 |   0.0 |       0 |      33 |   0.0 |  1492
           D:2 |       0 |      45 |   0.0 |       0 |      20 |   0.0 |   699
           D:3 |       0 |     440 |   0.0 |       0 |      22 |   0.0 |   806
           D:4 |       0 |    1200 |   0.0 |       0 |      19 |   0.0 |  1811
           D:5 |       0 |     550 |   0.0 |       0 |      16 |   0.0 |   548
           D:6 |       0 |     743 |   0.0 |       0 |      26 |   0.0 |  1283
           D:7 |       0 |     937 |   0.0 |       0 |      19 |   0.0 |   881
           D:8 |       0 |    3515 |   0.0 |       0 |      36 |   0.0 |   980
           D:9 |       0 |    1978 |   0.0 |       0 |      30 |   0.0 |   854
          D:10 |       0 |    2972 |   0.0 |       0 |      23 |   0.0 |  1007
        Lair:1 |       0 |    3070 |   0.0 |       0 |      17 |   0.0 |  1986
        Lair:2 |       0 |    1713 |   0.0 |       0 |      10 |   0.0 |  1022
        Lair:3 |       0 |    5719 |   0.0 |       0 |      21 |   0.0 |  2142
        Lair:4 |       0 |    6933 |   0.0 |       0 |      20 |   0.0 |  1515
        Lair:5 |       0 |    4304 |   0.0 |       0 |      11 |   0.0 |  1104
        Lair:6 |       0 |     928 |   0.0 |       0 |       5 |   0.0 |    38
        Bailey |       0 |    6151 |   0.0 |       0 |      11 |   0.0 |  1510
               +---------+---------+-------+---------+---------+-------+---------
